 Dungeon Crawl Stone Soup version 0.31.0-1-g2c135a0 (webtiles) character file.

Game seed: 5214256891937926708

3561 trev101 the Protected (level 10, -1/83 (84) HPs)
             Began as a Hill Orc Fighter on Jan 24, 2024.
             Was a Believer of Beogh.
             Slain by a spectral orc knight
             ... wielding a +0 long sword
             ... summoned by Nergalle
              (10 damage)
             ... on level 10 of the Dungeon.
             The game lasted 00:43:59 (10890 turns).

trev101 the Protected (Hill Orc Fighter)           Turns: 10890, Time: 00:44:01

HP:   -1/83 (84)    AC: 16    Str: 24      XL:     10   Next: 9%
MP:   7/10          EV:  9    Int:  8      God:    Beogh [**....]
Gold: 323           SH:  5    Dex:  9 (10) Spells: 9/9 levels left

rFire   . . .        t - +0 war axe
rCold   . . .        c - +0 buckler
rNeg    + . .        f - +0 chain mail
rPois   .            o - +0 helmet
rElec   .            (no cloak)
rCorr   .            (no gloves)
SInv    .            (no boots)
Will    .....        (no amulet) Stlth
                     g - ring of positive energy
HPRegen 0.33/turn    b - +4 ring of protection
MPRegen 0.12/turn

%: no passive effects
@: lightly drained
A: deterioration 1, MP-powered wands
a: Renounce Religion, Smiting


You were on level 10 of the Dungeon.
You worshipped Beogh.
Beogh was pleased with you.
You visited 2 branches of the dungeon, and saw 11 of its levels.

You collected 383 gold pieces.
You spent 60 gold pieces at shops.

Inventory:

Hand Weapons
 t - a +0 war axe (weapon)
Armour
 c - a +0 buckler (worn)
 d - a +0 tower shield
 f - a +0 chain mail (worn)
 o - a +0 helmet (worn)
Jewellery
 b - a +4 ring of protection (right hand)
 g - a ring of positive energy (left hand)
Wands
 i - a wand of polymorph (5) (quivered)
 m - a wand of digging (5)
 n - a wand of flame (13)
 q - a wand of mindburst (3)
 s - a wand of roots (6)
Scrolls
 a - a scroll of amnesia
 p - a scroll of revelation
 u - a scroll of enchant weapon
Potions
 e - a potion of curing
 h - a potion of cancellation


   Skills:
 + Level 6.8 Fighting
 + Level 8.9(10.1) Axes
 + Level 6.2(7.9) Maces & Flails
 + Level 9.3 Armour
 + Level 2.0 Dodging
 + Level 0.9 Stealth
 + Level 6.0 Shields
 + Level 2.2 Evocations


You had 9 spell levels left.
You didn't know any spells.
Your spell library was empty.

Dungeon Overview and Level Annotations

Branches:
Dungeon (10/15)            Temple (1/1) D:4            Lair (0/5) D:8
    Orc: D:9-12

Altars:
Ashenzari
Cheibriados
Dithmenos
Elyvilon
Fedhas
Gozag
Hepliaklqana
Kikubaaqudgha
Makhleb
Nemelex Xobeh
Okawaru
Qazlal
Ru
Sif Muna
Trog
Vehumet
Wu Jian
Xom
Yredelemnul
Zin
The Shining One

Shops:
D:4 ?!

Annotations:
D:5 Pikel
D:9 Joseph
D:10 Nergalle


Innate Abilities, Weirdness & Mutations

Your body sometimes deteriorates upon taking damage.
You expend magic power (3 MP) to strengthen your wands.


Message History

You hit the spectral orc knight but do no damage.
Nergalle hits you but does no damage.
You block the spectral orc warrior's attack.
The spectral orc knight hits you with a +0 long sword.
* * * LOW HITPOINT WARNING * * *
You partially resist.
You feel drained.
Okay, then.
Okay, then.
Aiming: Polymorph
Press: ? - help, Q - select action, (/) - cycle Shift-Dir - straight line, f - Nergalle
Aim: Nergalle, wielding a +0 dagger and wearing a +0 robe (lightly wounded, will become a glowing shapeshifter, a cyclops, or a snapping turtle, chance to affect: 25%)
You feel a surge of power!
Nergalle evaporates and reforms as a glowing shapeshifter!
Nergalle hits you but does no damage.
The spectral orc warrior hits you but does no damage.
The spectral orc knight closely misses you.
You hit Nergalle.
Nergalle is moderately wounded.
You hit the spectral orc knight but do no damage.
Nergalle the glowing shapeshifter changes into a merfolk!
The spectral orc warrior barely misses you.
The spectral orc knight barely misses you.
You closely miss Nergalle.
You hit the spectral orc knight but do no damage.
The spectral orc warrior hits you from afar with a +0 glaive.
* * * LOW HITPOINT WARNING * * *
The spectral orc knight barely misses you.
You closely miss Nergalle. You hit the spectral orc knight.
Nergalle picks up some gold.
Nergalle picks up a +0 dagger.
Nergalle wields a +0 dagger.
The spectral orc warrior hits you but does no damage.
The spectral orc knight hits you with a +0 long sword.
* * * LOW HITPOINT WARNING * * *
You barely miss Nergalle.
You barely miss the spectral orc knight.
The spectral orc warrior hits you from afar with a +0 glaive.
* * * LOW HITPOINT WARNING * * *
The spectral orc knight hits you with a +0 long sword!
You die...
Beogh appreciates the spectral orc knight's killing of a heretic priest.

################ ###########
...............# #.........##
...............####..........####
...............m@ZZ..........'...
....~~........Z#######..)#...####
...............# #.###...#
..........##'### #.#.'...#
..#.....#.##.# #.#.#..)###
###..)..#..#.# #.#.+.....#
###.)...##.#.. ..###...#+#
.##........#.. ####........
.##....))###... #........


You could see Nergalle the merfolk shaped shifter, 2 spectral orc warriors and a
spectral orc knight (summoned).

Vanquished Creatures
  A hornet (D:7)
  A shadow (D:10)
  A steam dragon (D:8)
  3 water moccasins
  An orc warrior (D:10)
  3 ice beasts
  3 ogres
  A phantom (D:7)
  3 centaurs
  A lemure (D:5)
  A kobold brigand (D:7)
  3 bullfrogs
  2 scorpions
  3 wights (D:6)
  5 killer bees (D:10)
  3 jellies
  2 bombardier beetles (D:5)
  2 gnoll boudas (D:5)
  3 orc priests
  7 hounds
  Jessica (D:3)
  Ijyb (D:3)
  An iguana (D:6)
  6 orc wizards
  10 gnolls
  6 adders
  A shadow imp (D:8)
  4 dart slugs
  3 ribbon worms
  26 orcs
  5 ball pythons
  6 bats
  5 endoplasms
  6 giant cockroaches
  11 goblins
  8 hobgoblins
  6 quokkas
  3 frilled lizards
  6 kobolds
  8 rats
172 creatures vanquished.

Vanquished Creatures (others)
  An orc warrior (D:6)
1 creature vanquished.

Grand Total: 173 creatures vanquished

Notes
Turn   | Place    | Note
-------+----------+-------------------------------------------
     0 | D:1      | trev101 the Hill Orc Fighter began the quest for the Orb.
     0 | D:1      | Reached XP level 1. HP: 19/19 MP: 1/1
   182 | D:1      | Reached XP level 2. HP: 24/27 MP: 2/2
   568 | D:1      | Reached XP level 3. HP: 33/33 MP: 3/3
  1210 | D:2      | Reached XP level 4. HP: 40/40 MP: 4/4
  1355 | D:2      | Reached skill level 1 in Maces & Flails
  2272 | D:3      | Found a sacrificial altar of Ru.
  2323 | D:3      | Reached skill level 4 in Armour
  2402 | D:3      | Reached XP level 5. HP: 44/47 MP: 5/5
  2554 | D:3      | Noticed Ijyb
  2592 | D:3      | Killed Ijyb
  2965 | D:3      | Noticed Jessica
  2977 | D:3      | Killed Jessica
  3163 | D:3      | Gained mutation: Your flesh is heat resistant. (rF+)
                  | [potion of mutation]
  3163 | D:3      | Gained mutation: Your muscles are strong. (Str +4, Int/Dex
                  | -1) [potion of mutation]
  3166 | D:3      | Lost mutation: Your muscles are strong. (Str +4, Int/Dex
                  | -1) [potion of mutation]
  3166 | D:3      | Lost mutation: Your flesh is heat resistant. (rF+) [potion
                  | of mutation]
  3166 | D:3      | Gained mutation: You have sharp fingernails. [potion of
                  | mutation]
  3166 | D:3      | Gained mutation: Your muscles are strong. (Str +4, Int/Dex
                  | -1) [potion of mutation]
  3316 | D:4      | Noticed an ogre
  3324 | D:4      | Killed an ogre
  3325 | D:4      | Reached XP level 6. HP: 53/53 MP: 6/6
  3363 | D:4      | Reached skill level 5 in Fighting
  3627 | D:4      | Found a staircase to the Ecumenical Temple.
  3669 | Temple   | Entered the Ecumenical Temple
  3763 | D:4      | Found Limeebb's Distillery.
  3767 | D:4      | Bought a potion of curing for 30 gold pieces
  3767 | D:4      | Bought a potion of curing for 30 gold pieces
  3797 | D:4      | Found Ripomiwki's Magic Scroll Emporium.
  3805 | D:4      | Reached skill level 5 in Armour
  3805 | D:4      | Reached XP level 7. HP: 61/61 MP: 7/7
  4301 | D:5      | Entered Level 5 of the Dungeon
  4314 | D:5      | Found a broken altar of Ashenzari.
  4373 | D:5      | Reached skill level 1 in Evocations
  4895 | D:5      | Became a worshipper of Beogh the Brigand
  5667 | D:5      | Reached skill level 5 in Maces & Flails
  5820 | D:5      | Noticed Pikel
  6169 | D:5      | Reached skill level 6 in Armour
  6169 | D:5      | Reached XP level 8. HP: 63/68 MP: 8/8
  6211 | D:5      | Reached skill level 1 in Dodging
  6328 | D:5      | Lost mutation: You have sharp fingernails. [potion of
                  | mutation]
  6328 | D:5      | Lost mutation: Your muscles are strong. (Str +4, Int/Dex
                  | -1) [potion of mutation]
  6328 | D:5      | Gained mutation: Your body sometimes deteriorates upon
                  | taking damage. [potion of mutation]
  6328 | D:5      | Gained mutation: You expend magic power (3 MP) to
                  | strengthen your wands. [potion of mutation]
  7325 | D:6      | Reached skill level 7 in Armour
  7486 | D:6      | Reached skill level 5 in Axes
  7520 | D:6      | Reached * piety under Beogh
  7880 | D:6      | Reached XP level 9. HP: 63/75 MP: 9/9
  8557 | D:7      | Found an opulent altar of Gozag.
  8616 | D:7      | Reached skill level 8 in Armour
  8664 | D:7      | Reached skill level 5 in Shields
  8756 | D:7      | Noticed a hornet
  8771 | D:7      | Killed a hornet
  9293 | D:8      | Found a staircase to the Lair.
  9969 | D:8      | Found a glowing silver altar of Zin.
 10147 | D:9      | Noticed a two-headed ogre
 10215 | D:9      | Noticed Joseph
 10219 | D:9      | Noticed a two-headed ogre
 10229 | D:9      | Noticed a hornet
 10251 | D:10     | Entered Level 10 of the Dungeon
 10445 | D:10     | Noticed Nergalle
 10479 | D:10     | Reached skill level 9 in Armour
 10824 | D:10     | Reached XP level 10. HP: 80/84 MP: 10/10
 10845 | D:10     | Reached ** piety under Beogh
 10855 | D:10     | Found a blossoming altar of Fedhas.
 10886 | D:10     | Nergalle changed into Nergalle the glowing shapeshifter
 10886 | D:10     | Noticed Nergalle
 10887 | D:10     | Nergalle the glowing shapeshifter changed into Nergalle the
                  | merfolk
 10887 | D:10     | Noticed Nergalle (glowing shapeshifter)
 10890 | D:10     | Slain by a spectral orc knight

Illustrated notes

Levels and vault maps discovered:
D:1:      erik_arrival_blinker_ship, layout_basic
D:2:      layout_rooms, grunt_ministairs_13, minmay_vboxes
D:3:      kennysheep_the_goblin_king, layout_basic, general_overflow_altar,
          kennysheep_jessica_study
D:4:      layout_basic, minmay_temple_entry_gardened_gates, serial_shops,
          nicolae_shop_back_alley_shop, shop
D:5:      layout_layer_cave, evilmike_ruin_ashenzari, nicolae_grassy_gnolls,
          uniq_pikel
D:6:      layout_loops_ring, grunt_decor_mini_mirrors
D:7:      layout_cave_pools, mainiacjoe_overflow_boulevard, st_stairs_14
D:8:      layout_cave_pools, zin_scriptorium, dpeg_oklobed_lair
D:9:      layout_cave_pools, uniq_joseph
D:10:     layout_basic, chequers_temple_overflow_statue_of_worship, orc_0_dummy,
          uniq_nergalle
Temple:   nicolae_temple_x_marks_the_god

Skill      XL: |  1  2  3  4  5  6  7  8  9 10 |
---------------+-------------------------------+-----
Fighting       | 4 5 6 |  6.8
Axes           | 3 5 8 |  8.9
Maces & Flails | 1 3 5 6 |  6.2
Armour         | 4 5 6 7 9 |  9.3
Shields        | 4 5 6 |  6.0
Evocations     | 1 2 |  2.2
Dodging        | 1 2 |  2.0
Stealth        | |  0.9

Action                     |  1- 3 |  4- 6 |  7- 9 | 10-12 || total
---------------------------+-------+-------+-------+-------++-------
  Melee: War axe           |    55 |       |    97 |    28 ||   180
         Whip              |    36 |   247 |   135 |       ||   418
         Hand axe          |       |       |   356 |       ||   356
 Invoke: Convert to Beogh  |       |       |     1 |       ||     1
  Evoke: Wand              |       |     7 |    21 |     1 ||    29
    Use: Scroll            |       |    16 |    11 |     1 ||    28
         Potion            |       |     3 |    20 |     1 ||    24
 Armour: Scale mail        |    70 |   121 |       |       ||   191
         Chain mail        |       |    22 |   490 |    37 ||   549
  Dodge: Dodged            |    45 |    73 |   227 |    16 ||   361
  Block: Buckler           |    21 |    53 |   129 |    11 ||   214
         Form:             |       |     1 |       |       ||     1
         Death             |       |     1 |       |       ||     1
